 Dungeon Crawl Stone Soup version 0.17.0-15-g6d90897 (webtiles) character file.

526 inmateoo the Ruffian (level 7, -4/61 HPs)
             Began as a Ghoul Monk on Nov 10, 2015.
             Slain by Dustman's ghost (7 damage)
             ... on level 3 of the Dungeon.
             The game lasted 00:07:43 (2677 turns).

inmateoo the Ruffian (Ghoul Monk)                   Turns: 2677, Time: 00:07:43

Health: -4/61      AC: 10    Str: 15    XL:     7   Next: 23%
Magic:  6/6        EV:  8    Int:  5    God:
Gold:   145        SH:  0    Dex: 13    Spells: 0 memorised, 6 levels left

rFire  . . .     SeeInvis .       - Unarmed
rCold  + . .     Clarity  .     a - +0 chain mail (curse)
rNeg   + + +     SustAt   .     (no shield)
rPois  ∞         Gourm    .     f - +0 helmet
rElec  .         Spirit   .     (no cloak)
rCorr  .         Warding  .     (no gloves)
rMut   .         Stasis   .     (no boots)
MR     .....                    (no amulet)
Stlth  ..........               (no ring)
                                (no ring)

@: rotting, not resistant to hostile enchantments, extremely unstealthy
A: rotting body, claws 1, carnivore 3, cold resistance 1, negative energy
resistance 3, slow regeneration 1, torment resistance, unbreathing
a: no special abilities


You were on level 3 of the Dungeon.
You were not hungry.

You visited 1 branch of the dungeon, and saw 5 of its levels.

You collected 145 gold pieces.

Inventory:

Armour
 a - a cursed +0 chain mail (worn)
 f - a +0 helmet (worn)
Scrolls
 e - a scroll of random uselessness {unknown}
 g - 2 scrolls of remove curse
 h - 4 scrolls of teleportation {unknown}
 j - 3 scrolls of recharging {unknown}
 k - a scroll of immolation {unknown}
Potions
 i - a potion of brilliance
 m - a potion of resistance
 n - a potion of flight
 p - a potion of lignification {unknown}
Comestibles
 b - 3 meat rations
 c - a slice of pizza
 l - a beef jerky
 o - a royal jelly
 q - 2 chunks of flesh


   Skills:
 + Level 5.0 Fighting
 + Level 2.7 Armour
 + Level 4.0 Dodging
 - Level 2.2 Stealth
 * Level 6.7 Unarmed Combat


You had 6 spell levels left.
You didn't know any spells.

Dungeon Overview and Level Annotations

Branches:
Dungeon (5/15)
 Temple: D:4-7

Altars:
Dithmenos
Okawaru
Xom
Zin

Annotations:
D:3 Dustman's ghost, amateur HuGl
D:4 SKei0's ghost, amateur HOFi
D:5 SKei0's ghost, novice GrFi


Innate Abilities, Weirdness & Mutations

Your body is rotting away.
You thrive on raw meat.
You are immune to poison.
You have sharp fingernails.
You are carnivorous and can eat meat at any time.
Your flesh is cold resistant.
You are immune to negative energy.
You regenerate slowly when monsters are visible.
You are immune to unholy pain and torment.
You can survive without breathing.


Message History

Dustman's ghost is almost destroyed.
Dustman's ghost completely misses you.
You scratch Dustman's ghost but do no damage.
Dustman's ghost is almost destroyed.
Dustman's ghost hits you!
* * * LOW HITPOINT WARNING * * *
Drink which item? (? for menu, Esc to quit)
You feel better. Dustman's ghost closely misses you.
You closely miss Dustman's ghost.
You claw Dustman's ghost, but do no damage.
Dustman's ghost is almost destroyed.
Dustman's ghost barely misses you.
Your chain mail prevents you from hitting Dustman's ghost.
Dustman's ghost is almost destroyed.
Dustman's ghost hits you.
* * * LOW HITPOINT WARNING * * *
You closely miss Dustman's ghost.
Dustman's ghost is almost destroyed.
Dustman's ghost hits you!
You die...

#+++# .
####r..# .#
#@Wrh..##
####.##
#.###...##
#...... #.#
#....###..#.♣.
#..
##r.).##......
##.
##.#.##..♣.♣.
#. #h........._
. ###..##..♣.♣.
.##............
#.r.......#.♣.


You could see a black bear, Dustman's ghost and 2 rats.

Vanquished Creatures
  Menkaure (D:5)
  An ice beast (D:5)
  An ogre (D:4)
  A crimson imp (D:5)
  3 worker ants
  A centaur skeleton (D:5)
  An orc priest (D:4)
  A shadow imp (D:5)
  5 giant geckos
  10 orcs
  A bat (D:1)
  7 giant cockroaches
  4 hobgoblins
  5 kobolds
  2 quokkas (D:5)
  A giant gecko skeleton (D:4)
  3 giant newts
  4 goblins
  6 rats
58 creatures vanquished.

Vanquished Creatures (others)
  An angel (D:4)
1 creature vanquished.

Grand Total: 59 creatures vanquished

Notes
Turn   | Place    | Note
--------------------------------------------------------------
     0 | D:1      | inmateoo the Ghoul Monk began the quest for the Orb.
     0 | D:1      | Reached XP level 1. HP: 19/19 MP: 0/0
   112 | D:1      | Reached XP level 2. HP: 26/26 MP: 1/1
   482 | D:1      | Reached XP level 3. HP: 31/31 MP: 2/2
   725 | D:2      | Found a shadowy altar of Dithmenos.
   959 | D:2      | You fall through a shaft for 2 floors!
  1078 | D:4      | Found a glowing silver altar of Zin.
  1078 | D:4      | Found a shimmering altar of Xom.
  1079 | D:4      | Noticed an angel
  1090 | D:4      | Killed an angel
  1117 | D:4      | Reached skill level 5 in Unarmed Combat
  1127 | D:4      | Reached XP level 4. HP: 10/39 MP: 3/3
  1306 | D:4      | Noticed SKei0's ghost (amateur HOFi)
  1336 | D:5      | Entered Level 5 of the Dungeon
  1343 | D:5      | Reached skill level 1 in Armour
  1407 | D:5      | Reached XP level 5. HP: 39/46 MP: 4/4
  1484 | D:4      | Upgraded the game from 0.17.0-9-g801d43b to 0.17.0-15-g6d90897
  1980 | D:5      | Noticed Menkaure
  1989 | D:5      | Killed Menkaure
  1989 | D:5      | Reached skill level 6 in Unarmed Combat
  1989 | D:5      | Reached XP level 6. HP: 23/52 MP: 5/5
  2156 | D:5      | Noticed an ice beast
  2167 | D:5      | Killed an ice beast
  2371 | D:5      | Noticed SKei0's ghost (novice GrFi)
  2434 | D:4      | Noticed an ogre
  2449 | D:4      | Killed an ogre
  2449 | D:4      | Reached XP level 7. HP: 38/59 MP: 6/6
  2522 | D:4      | Reached skill level 5 in Fighting
  2617 | D:3      | Found an iron altar of Okawaru.
  2626 | D:3      | Noticed Dustman's ghost (amateur HuGl)
  2673 | D:3      | HP: 3/61 [Dustman's ghost (10)]
  2677 | D:3      | Slain by Dustman's ghost

Action                   |  1- 3 |  4- 6 |  7- 9 || total
-------------------------+-------+-------+-------++-------
Melee: Unarmed           |   115 |    94 |    60 ||   269
Evoke: Wand              |     3 |       |       ||     3
  Use: Scroll            |       |     5 |       ||     5
       Potion            |       |       |     1 ||     1
 Stab: Sleeping          |     4 |     1 |       ||     5
  Eat: Chunk             |    16 |     7 |     3 ||    26
